 Dungeon Crawl Stone Soup version 0.31-a0-325-g067879e3d3 (webtiles) character file.

Game seed: 18119916696576062951

140 HallandMoats the Trooper (level 5, -9/42 HPs)
             Began as a Demonspawn Fighter on July 18, 2023.
             Killed by divine providence
             ... invoked by an orc priest
              (11 damage)
             ... on level 3 of the Dungeon.
             The game lasted 00:02:48 (1494 turns).

HallandMoats the Trooper (Demonspawn Fighter)       Turns: 1494, Time: 00:02:48

Health: -9/42      AC:  6    Str: 19    XL:     5   Next: 2%
Magic:  5/5        EV:  9    Int:  9    God:
Gold:   80         SH:  4    Dex: 12    Spells: 4/4 levels left

rFire   . . .        a - +0 war axe
rCold   + . .        c - +0 buckler
rNeg    . . .        b - +0 scale mail
rPois   .            (helmet restricted)
rElec   .            (no cloak)
rCorr   .            (no gloves)
SInv    .            (no boots)
Will    .....        (no amulet) Stlth
                     i - ring of protection from cold
HPRegen 0.27/turn    q - +4 ring of slaying
MPRegen 0.18/turn

%: no passive effects
@: no status effects
A: antennae 2, magic regeneration
a: no special abilities


You were on level 3 of the Dungeon.
You visited 1 branch of the dungeon, and saw 3 of its levels.

You collected 80 gold pieces.

Inventory:

Hand Weapons
 a - a +0 war axe (weapon)
Armour
 b - a +0 scale mail (worn)
 c - a +0 buckler (worn)
Jewellery
 i - a ring of protection from cold (left hand)
 o - an amulet of magic regeneration
 q - a +4 ring of slaying (right hand)
Scrolls
 e - a scroll of teleportation {unknown}
 f - a scroll of amnesia {unknown}
 h - a scroll of fog {unknown}
 k - 4 scrolls of identify {unknown}
 n - a scroll of revelation {unknown}
Potions
 d - a potion of might
 g - 2 potions of curing {unknown}
 j - a potion of resistance {unknown}
 l - a potion of berserk rage {unknown}
 m - a potion of heal wounds {unknown}
 p - a potion of lignification {unknown}


   Skills:
 * Level 3.9 Fighting
 * Level 2.8 Axes
 + Level 3.2 Armour
 + Level 1.5 Dodging
 + Level 3.1 Shields


You had 4 spell levels left.
You didn't know any spells.
Your spell library contained the following spells:

 Spells                   Type           Power      Damage    Failure   Level
 Gell's Gravitas          Tloc           0%         N/A       99%         3
 Inner Flame              Hex/Fire       0%         N/A       99%         3
 Teleport Other           Tloc           0%         N/A       99%         3
 Vhi's Electric Charge    Tloc/Air       0%         N/A       99%         3
 Flame Wave               Conj/Fire      0%         2d4       100%        4
 Sticky Flame             Conj/Fire      0%         2d3       100%        4
 Arcjolt                  Conj/Air       0%         1d10      100%        5
 Dispersal                Tloc           0%         N/A       100%        6
 Maxwell's Capacitive Co  Air            0%         ∞         100%        8


Dungeon Overview and Level Annotations

Branches:
Dungeon (3/15)

Altars:


Innate Abilities, Weirdness & Mutations

You have a pair of antennae on your head.
You regenerate magic rapidly.


Message History

You hit the giant cockroach but do no damage.
A magic dart appears from out of thin air!
The magic dart hits you!
The giant cockroach bites you but does no damage.
The giant cockroach waves its antennae.
The giant cockroach bites you but does no damage.
You have reached level 5!
Your demonic ancestry asserts itself...
Your magic begins to regenerate rapidly.
Something hits you but does no damage.
The giant cockroach completely misses you.
Something hits you.
You hear some strange, mumbled words.
Something tries to affect you, but you resist.
The orc priest calls down the wrath of Beogh upon you.
Beogh smites you!
The giant cockroach attacks as you move away!
The giant cockroach closely misses you. The giant cockroach closely misses you.
The giant cockroach attacks as you move away!
The giant cockroach closely misses you.
The orc priest invokes the aid of Beogh against you.
Something writhes in agony!
The giant cockroach attacks as you move away!
The giant cockroach completely misses you.
The giant cockroach attacks as you move away!
You block the giant cockroach's attack.
The giant cockroach bites you but does no damage.
You see here a frilled lizard corpse.
The giant cockroach attacks as you move away!
You block the giant cockroach's attack. The giant cockroach bites you.
The giant cockroach attacks as you move away!
The giant cockroach bites you but does no damage.
The orc priest mumbles some strange prayers to Beogh against you.
Beogh smites you!
* * * LOW HITPOINT WARNING * * *
The orc priest calls down the wrath of Beogh upon you.
Beogh smites you!
You die...

###..### ##......##
##..####..# #####)>### ##.#
#.)......## #.# ###....<..#
#.## #♣♣♣♣♣♣♣♣ #..##
♣♣..8_8.♣♣##..#######
####♣♣..B@....♣♣♣...◎.....
...♣.{.♣...♣♣..♣#.####### #
##.♣.♣♣♣.∩.♣♣♣♣...# ### #
###...♣♣#♣...♣ ####.###....
### #..o##...♣.♣.♣♣♣........#
..#
###o######♣..♣♣..♣##...####
#.###.††######♣.♣♣♣♣.♣##.#..##
..............♣. ♣.♣#..##..#
........######♣. ♣♣...####.##


You could see an orc priest and a giant cockroach.

Vanquished Creatures
  An orc wizard (D:3)
  5 gnolls
  3 adders
  A worm (D:2)
  A dart slug (D:2)
  3 orcs
  4 endoplasms
  A giant cockroach (D:2)
  3 goblins (D:2)
  A hobgoblin (D:2)
  5 jackals
  A kobold (D:1)
  2 bats (D:2)
  2 frilled lizards (D:3)
  3 rats
36 creatures vanquished.

Notes
Turn   | Place    | Note
-------+----------+-------------------------------------------
     0 | D:1      | HallandMoats the Demonspawn Fighter began the quest for the
                  | Orb.
     0 | D:1      | Reached XP level 1. HP: 18/18 MP: 1/1
   582 | D:2      | Discovered your monstrous ancestry.
   582 | D:2      | Gained mutation: You have a pair of small antennae on your
                  | head. [demonic ancestry]
   582 | D:2      | Reached XP level 2. HP: 20/24 MP: 2/2
   751 | D:2      | Gained mutation: You have a pair of antennae on your head.
                  | [demonic ancestry]
   751 | D:2      | Reached XP level 3. HP: 29/29 MP: 3/3
   844 | D:2      | Reached skill level 1 in Dodging
  1035 | D:1      | Reached XP level 4. HP: 34/36 MP: 4/4
  1368 | D:3      | Found a faded altar of an unknown god.
  1475 | D:3      | Gained mutation: You regenerate magic rapidly. [demonic
                  | ancestry]
  1475 | D:3      | Reached XP level 5. HP: 30/42 MP: 5/5
  1490 | D:3      | HP: 1/42 [orc priest/divine providence (15)]
  1494 | D:3      | Killed from afar by an orc priest

Illustrated notes

Levels and vault maps discovered:
D:1:      eino_arrival_water_cross, layout_basic
D:2:      layout_rooms, cheibrodos_gnoll_hut
D:3:      layout_rooms, shapermc_ecumenical_altar_totnotflames,
          dilly_guarded_unrand_throatcut

Skill      XL: |  1  2  3 |
---------------+----------+-----
Axes           | 2 |  2.8
Armour         | 3 |  3.2
Dodging        | 1 |  1.5
Shields        | 3 |  3.1
Fighting       | |  3.9

Action                     |  1- 3 |  4- 6 || total
---------------------------+-------+-------++-------
  Melee: War axe           |    75 |    32 ||   107
 Armour: Scale mail        |    56 |    17 ||    73
  Dodge: Dodged            |    57 |    17 ||    74
  Block: Buckler           |    18 |    14 ||    32

Table legend: (Time is in decaauts)
 A = Elapsed time spent in this place.
 B = Non-inter-level travel time spent in this place.
 C = Inter-level travel time spent in this place.
 D = Time resting spent in this place.
 E = Time spent auto-exploring this place.
 F = Levels seen in this place.
 G = Mean time per level.
                   A        B        C        D        E       F      G
               +--------+--------+--------+--------+--------+-----+--------+
         Total |   1540 |   1540 |      0 |    119 |    931 |   3 |  513.3 |
       Dungeon |   1540 |   1540 |      0 |    119 |    931 |   3 |  513.3 |
               +--------+--------+--------+--------+--------+-----+--------+

Top non-repeatable levels by time:
     D:2: 760 daAuts
     D:1: 626 daAuts
     D:3: 153 daAuts
